 Dungeon Crawl Stone Soup version 0.25.1-8-g42b30a86e7 (webtiles) character file.

Game seed: 12155316206856900174

268 gruber the Chiller (level 6, 32/42 HPs)
             Began as a Demonspawn Ice Elementalist on Dec 19, 2020.
             Quit the game on level 3 of the Dungeon.
             The game lasted 00:04:01 (2928 turns).

gruber the Chiller (Demonspawn Ice Elementalist)    Turns: 2928, Time: 00:04:03

Health: 32/42      AC:  8    Str:  8    XL:     6   Next: 0%
Magic:  5/9        EV: 12    Int: 18    God:
Gold:   127        SH:  0    Dex: 14    Spells: 5/9 levels left

rFire    . . .     SeeInvis .   s - +3 whip
rCold    + . .     Gourm    .   (no shield)
rNeg     . . .     Faith    .   a - +0 robe
rPois    .         Spirit   .   q - +0 helmet
rElec    .         Reflect  .   b - +2 cloak
rCorr    .         Harm     .   d - +0 pair of gloves
MR       .....                  (no boots)
Stlth    ++........             p - amulet of regeneration
HPRegen  0.54/turn              (no ring)
MPRegen  0.11/turn              (no ring)

@: frozen ramparts
A: talons 1, rugged brown scales 1, cold resistance 1
a: no special abilities


You were on level 3 of the Dungeon.
You were not hungry.

You visited 1 branch of the dungeon, and saw 3 of its levels.

You collected 127 gold pieces.

Inventory:

Hand Weapons
 s - a +3 whip (weapon)
Missiles
 i - 32 poisoned darts (quivered)
Armour
 a - a +0 robe (worn)
 b - a +2 cloak (worn)
 d - a +0 pair of gloves (worn)
 q - a +0 helmet (worn)
Jewellery
 p - an amulet of regeneration (around neck)
Scrolls
 h - 2 scrolls of remove curse {unknown}
 k - a scroll of fog {unknown}
 n - a scroll of enchant armour {unknown}
Potions
 e - a potion of resistance {unknown}
 f - 2 potions of heal wounds {unknown}
 g - a potion of mutation {unknown}
 j - a potion of lignification {unknown}
 l - a potion of stabbing {unknown}
 m - a potion of curing {unknown}
Comestibles
 c - 4 rations
 o - 10 chunks of flesh


   Skills:
 - Level 1.7 Dodging
 - Level 1.7 Stealth
 - Level 2.0 Spellcasting
 + Level 6.6 Ice Magic


You had 5 spell levels left.
You knew the following spells:

 Your Spells              Type           Power        Failure   Level  Hunger
a - Freeze                Ice            ####         1%          1    #......
b - Frozen Ramparts       Ice            ####..       3%          3    ###....

Your spell library contained the following spells:

 Spells                   Type           Power        Failure   Level  Hunger
 Ensorcelled Hibernation  Hex/Ice        ##....       7%          2    ###....
 Ozocubu's Armour         Chrm/Ice       ##......     14%         3    ###....
 Corona                   Hex            #......      19%         1    #......
 Hailstorm                Conj/Ice       ##......     41%         4    #####..
 Summon Ice Beast         Ice/Summ       ##......     41%         4    #####..
 Confusing Touch          Hex            #.......     47%         3    ###....
 Dazzling Flash           Conj/Hex       #.....       47%         3    ###....
 Tukima's Dance           Hex            #.......     47%         3    ###....


Dungeon Overview and Level Annotations

Branches:
Dungeon (3/15)

Altars:

Annotations:
D:2 Sigmund


Innate Abilities, Weirdness & Mutations

You have sharp toenails.
You are partially covered in rugged brown scales. (AC +1, +3% HP)
Your flesh is cold resistant. (rC+)


Message History

A worm is nearby!
A worm is nearby!
A worm is nearby!
Casting: Frozen Ramparts (dangerous; 3% risk of failure)
Confirm with . or Enter, or press ? or * to list all spells.
The walls around you are covered in ice.
The wall freezes the worm.
The worm bites you!
You hit the worm.
The worm is moderately wounded.
Unknown command.
You hit the worm. You claw the worm.
The worm is severely wounded.
The wall freezes the worm!
You kill the worm!
You have reached level 6!
Your experience leads to an increase in your attributes!
Increase (S)trength, (I)ntelligence, or (D)exterity?
You feel clever.
Your demonic ancestry asserts itself...
You feel resistant to cold.
Are you sure you want to abandon this character and quit the game? (Confirm with "yes".)

### #.. #... ####
##...## .....
#......### ........#
#........#..........
#......#.#.........
......†@...........
....####.#####..#
.#.........#....####
................... ...
#.........#...#.###
##..
#..................
....
#..................
....
#####..................
....
#...............#...#.#


There were no monsters in sight!

Vanquished Creatures
  An orc wizard (D:3)
  Natasha (thrice) (D:2)
  Robin (D:2)
  4 gnolls (D:2)
  3 adders
  An ooze (D:2)
  3 worms
  A dart slug (D:1)
  3 leopard geckos
  3 orcs (D:3)
  7 giant cockroaches
  12 goblins
  8 hobgoblins
  A quokka (D:2)
  9 bats
  3 frilled lizards
  4 kobolds
  6 rats
73 creatures vanquished.

Notes
Turn   | Place    | Note
-------+----------+-------------------------------------------
     0 | D:1      | gruber the Demonspawn Ice Elementalist began the quest for
                  | the Orb.
     0 | D:1      | Reached XP level 1. HP: 13/13 MP: 3/3
   320 | D:1      | Reached skill level 4 in Ice Magic
   368 | D:1      | Gained mutation: You have sharp toenails. [demonic
                  | ancestry]
   368 | D:1      | Reached XP level 2. HP: 19/19 MP: 5/5
  1300 | D:2      | Reached XP level 3. HP: 24/24 MP: 3/6
  1541 | D:2      | Learned a level 3 spell: Frozen Ramparts
  1639 | D:2      | Reached skill level 5 in Ice Magic
  1642 | D:2      | Reached XP level 4. HP: 15/30 MP: 3/7
  1787 | D:2      | Noticed Robin
  1800 | D:2      | Killed Robin
  2137 | D:2      | Noticed Natasha
  2143 | D:2      | Killed Natasha
  2143 | D:2      | Gained mutation: You are partially covered in rugged brown
                  | scales. (AC +1, +3% HP) [demonic ancestry]
  2143 | D:2      | Reached XP level 5. HP: 30/36 MP: 4/8
  2372 | D:2      | Reached skill level 6 in Ice Magic
  2374 | D:2      | Noticed Sigmund
  2418 | D:2      | Noticed Natasha
  2423 | D:2      | Killed Natasha
  2654 | D:2      | Noticed Natasha
  2660 | D:2      | Killed Natasha
  2927 | D:3      | Gained mutation: Your flesh is cold resistant. (rC+)
                  | [demonic ancestry]
  2927 | D:3      | Reached XP level 6. HP: 32/42 MP: 5/9
  2928 | D:3      | Quit the game

Illustrated notes

Levels and vault maps discovered:
D:1:      dpeg_arrival_shrine, layout_basic, minmay_misc_feat_tiny
D:2:      layout_basic, uniq_sigmund, uniq_natasha, uniq_robin
D:3:      wander_river, layout_basic, first_ration

Skill      XL: |  1  2  3  4  5 |
---------------+----------------+-----
Ice Magic      | 4 5 6 |  6.6
Dodging        | |  1.7
Stealth        | |  1.7
Spellcasting   | |  2.0

Action                   |  1- 3 |  4- 6 || total
-------------------------+-------+-------++-------
Melee: Dagger            |    49 |       ||    49
       Unarmed           |     5 |       ||     5
       Kick              |     8 |    15 ||    23
       Halberd           |     2 |    25 ||    27
       Whip              |       |    48 ||    48
Throw: Dart              |    11 |       ||    11
 Cast: Freeze            |    29 |     3 ||    32
       Frozen Ramparts   |     1 |    12 ||    13
 Stab: Sleeping          |     5 |     1 ||     6
  Eat: Chunk             |     2 |     7 ||     9
Armor: Robe              |    32 |    29 ||    61
Dodge: Dodged            |    67 |    49 ||   116
